 Dungeon Crawl Stone Soup version 0.23.2-30-g0e89c35649 (webtiles) character file.

Game seed: 12701573624431922590

665 senseless the Slasher (level 7, 47/60 HPs)
             Began as a Pale Draconian Monk on June 7, 2019.
             Was a Believer of Qazlal.
             Quit the game on level 5 of the Dungeon on June 8, 2019.
             The game lasted 00:16:38 (5203 turns).

senseless the Slasher (Pale Draconian Monk)         Turns: 5203, Time: 00:16:39

Health: 47/60      AC:  9    Str: 13    XL:     7   Next: 31%
Magic:  7/7        EV: 14    Int: 14    God:    Qazlal [**....]
Gold:   187        SH:  7    Dex: 16    Spells: 6/6 levels left

rFire    . . .     SeeInvis .   a - +1 falchion
rCold    . . .     Gourm    .   e - +0 buckler
rNeg     + . .     Faith    .   (armour unavailable)
rPois    .         Spirit   .   (helmet restricted)
rElec    .         Reflect  .   f - +1 cloak
rCorr    .         Harm     .   k - +0 pair of gloves
MR       .....                  (no boots)
Stlth    ++........             (no amulet)
HPRegen  0.20/turn              q - +4 ring of intelligence
MPRegen  0.10/turn              r - ring of positive energy

@: no status effects
A: breathe steam, unfitting armour, cold-blooded, AC +6
a: Breathe Steam, Upheaval, Renounce Religion


You were on level 5 of the Dungeon.
You worshipped Qazlal.
Qazlal was pleased with you.
You were very hungry.

You visited 2 branches of the dungeon, and saw 6 of its levels.

You collected 187 gold pieces.

Inventory:

Hand Weapons
 a - a +1 falchion (weapon)
Armour
 e - a +0 buckler (worn)
 f - a +1 cloak (worn)
 k - a +0 pair of gloves (worn)
Jewellery
 q - a +4 ring of intelligence (left hand)
 r - a ring of positive energy (right hand)
Scrolls
 d - a scroll of amnesia
 h - a scroll of remove curse
 j - a scroll of identify
 n - a scroll of magic mapping
Potions
 c - 2 potions of brilliance {unknown}
 g - a potion of degeneration {unknown}
 i - a potion of berserk rage {unknown}
 l - a potion of curing {unknown}
 m - a potion of agility {unknown}
 o - a potion of heal wounds {unknown}
 p - a potion of ambrosia {unknown}
Comestibles
 b - 9 rations


   Skills:
 + Level 4.9 Fighting
 + Level 6.5 Long Blades
 + Level 4.4 Dodging
 - Level 1.7 Stealth
 + Level 1.3 Shields
 * Level 0.4 Spellcasting


You had 6 spell levels left.
You didn't know any spells.
Your spell library contained the following spells:

 Spells                   Type           Power        Failure   Level  Hunger
 Confusing Touch          Hex            #.....       36%         1    ##.....
 Confuse                  Hex            #.......     75%         3    ####...
 Gell's Gravitas          Tloc           #.........   75%         3    ####...
 Petrify                  Tmut/Erth      #.......     98%         4    #####..
 Metabolic Englaciation   Hex/Ice        #.........   100%        5    ######.
 Yara's Violent Unravell  Hex/Tmut       #.........   100%        5    ######.


Dungeon Overview and Level Annotations

Branches:
Dungeon (5/15)             Temple (1/1) D:4

Altars:
Ashenzari
Cheibriados
Fedhas
Gozag
Hepliaklqana
Makhleb
Nemelex Xobeh
Qazlal
Ru
Trog
Uskayaw
Vehumet
Wu Jian
Xom
Zin
The Shining One

Shops:
D:5 !


Innate Abilities, Weirdness & Mutations

You can breathe blasts of scalding, opaque steam.
Your pale cyan-grey scales are hard. (AC +6)
You cannot fit into any form of body armour.
You are cold-blooded and may be slowed by cold attacks.


Message History

You block the iguana's attack.
You barely miss the iguana. You tail-slap the iguana.
The iguana is severely wounded.
You block the iguana's attack.
You hit the iguana but do no damage.
The iguana is severely wounded.
The iguana closely misses you.
You riposte.
You hit the iguana but do no damage.
The iguana is severely wounded.
You hit the iguana. You tail-slap the iguana.
You kill the iguana!
Qazlal accepts your kill.
No target in view!
There is an open door, spattered with blood here.
Found a ring mail.
You are feeling very hungry.
Welcome back, senseless the Pale Draconian Monk.
Qazlal says: Let the forces of nature tear it all down!
Press ? for a list of commands and other information.
Are you sure you want to abandon this character and quit the game? (Confirm with "yes".)

..# #.# #.#
###****######### #.# #.#
## ## *,,,........# #.#
#.# #. .#
*,,,........####.#
#.#######.
.##*,,,........'....#
##.#.......
..##,,,........######
#..#..#####
...##,,........#.[.#
#.##..##...
....######.......#,*
#......#.##
_........#.#.###@#,*
######.#.##
....####.#,#.#...#,*
#.....#...
(..#####(#,#.#.###,*
#.##....#.
..##...#.#,#,#.* *,*
#.#.......
.##....#.#,*,#,***,*
#.#..##.##
.......'.#,,,*,,,,,*
#.#..##.#
.......#########****
#.#####.# ...>...........#
#<# #.#
..####.#######.#########.#
#.#


There were no monsters in sight!

Vanquished Creatures
  Sigmund (D:5)
  A slave (D:5)
  An ice beast (D:5)
  A crimson imp (D:3)
  A quasit (D:5)
  An orc priest (D:4)
  A hound (D:4)
  2 iguanas (D:5)
  2 worker ants (D:5)
  4 gnolls (D:2)
  7 adders
  An ooze (D:3)
  2 worms (D:2)
  4 leopard geckos
  5 orcs
  3 giant cockroaches (D:1)
  9 goblins
  6 hobgoblins
  4 jackals (D:4)
  3 quokkas
  3 ball pythons
  10 bats
  8 frilled lizards
  13 kobolds
  A quokka skeleton (D:5)
  8 rats
102 creatures vanquished.

Notes
Turn   | Place    | Note
-------+----------+-------------------------------------------
     0 | D:1      | senseless the Draconian Monk began the quest for the Orb.
     0 | D:1      | Reached XP level 1. HP: 19/19 MP: 1/1
   101 | D:1      | Reached XP level 2. HP: 24/26 MP: 2/2
   643 | D:2      | Reached XP level 3. HP: 33/33 MP: 3/3
   771 | D:2      | Found a glowing silver altar of Zin.
   813 | D:2      | Reached skill level 4 in Long Blades
  1131 | D:2      | Reached XP level 4. HP: 22/40 MP: 4/4
  1801 | D:2      | Found an ornate altar of the Wu Jian Council.
  1801 | D:2      | Found a hazy altar of Hepliaklqana.
  1806 | D:2      | Found a faded altar of an unknown god.
  1811 | D:2      | Found an opulent altar of Gozag.
  1813 | D:2      | Found a glowing golden altar of the Shining One.
  2095 | D:3      | Reached XP level 5. HP: 45/46 MP: 5/5
  2343 | D:3      | Reached skill level 5 in Long Blades
  3329 | D:4      | Found a staircase to the Ecumenical Temple.
  3339 | Temple   | Entered the Ecumenical Temple
  3414 | Temple   | Became a worshipper of Qazlal Stormbringer
  3414 | Temple   | Reached * piety under Qazlal
  3414 | Temple   | Reached ** piety under Qazlal
  3658 | D:4      | Reached XP level 6. HP: 33/53 MP: 6/6
  4155 | D:5      | Entered Level 5 of the Dungeon
  4219 | D:5      | Noticed Sigmund
  4232 | D:5      | Killed Sigmund
  4237 | D:5      | Reached skill level 6 in Long Blades
  4246 | D:5      | Noticed an ice beast
  4403 | D:5      | Found a blossoming altar of Fedhas.
  4436 | D:5      | Noticed a slave
  4462 | D:5      | Killed a slave
  4622 | D:5      | Killed an ice beast
  4622 | D:5      | Reached skill level 1 in Shields
  4622 | D:5      | Your scales start taking on a pale cyan-grey colour.
  4622 | D:5      | Reached XP level 7. HP: 13/60 MP: 7/7
  4910 | D:5      | Found Ihaek's Distillery.
  5203 | D:5      | Quit the game

Skill      XL: |  1  2  3  4  5  6 |
---------------+-------------------+-----
Dodging        | 3 4 |  4.4
Long Blades    | 4 5 6 |  6.5
Fighting       | 4 |  4.9
Shields        | 1 |  1.3
Stealth        | |  1.7
Spellcasting   | |  0.4

Action                   |  1- 3 |  4- 6 |  7- 9 || total
-------------------------+-------+-------+-------++-------
Melee: Falchion          |   111 |   291 |    48 ||   450
       Tailslap          |    10 |    50 |     5 ||    65
  Use: Scroll            |     4 |     5 |       ||     9
       Potion            |       |     1 |       ||     1
 Stab: Sleeping          |    10 |     4 |       ||    14
       Distracted        |     1 |       |       ||     1
  Eat: Chunk             |     1 |     8 |     1 ||    10
       Ration            |       |     1 |       ||     1
Armor: Skin              |    33 |    64 |    30 ||   127
Dodge: Dodged            |    68 |   151 |    55 ||   274
Block: Buckler           |    10 |    42 |    20 ||    72
       Rpst.: Falchion   |    21 |    55 |     8 ||    84
